[ AOE2 MATCH · #506315744 ]
UnrankedByzantines vs Muisca
Player's team · LOSS
Rival team · WIN
[ REPLAY ANALYSIS · EXTRACTED FROM THE RECORDED GAME ]
Feudal
8:57
Castle
26:38
Imperial
—
| APM avg | 55.1 |
| APM peak | 81 |
| eAPM avg | 24.2 |
| Villagers / military | 50 / 47 |
Focus
⚔️ 44.5% · 🌾 55.5%
Skirmisher ×22 · Militia ×12 · Scout Cavalry ×11 · Knight ×2
Feudal
10:44
Castle
22:40
Imperial
—
| APM avg | 70.1 |
| APM peak | 123 |
| eAPM avg | 35.9 |
| Villagers / military | 49 / 8 |
Focus
⚔️ 34.8% · 🌾 65.2%
Unknown (2550) ×41 · Unknown (2586) ×7 · Monk ×6 · Spearman ×2
Match map
Initial resources + every placement click. Lines = walls · curves = elevation contours. ◆ gold · ⬟ stone · ● berries · ✦ relic · ◌ wall gap
Your base· Open — unwalled flank
Gil-galad's base· ✓ Closed at 22:40 · 50t walls · 1 gate(s)
Smoothed initial terrain · ◌ = detected wall gap · hover for details
Inputs per minute
— RD | El_Zapatero22 - - Gil-galad
Build order — RD | El_Zapatero22
First 150 of 171 actions detected
| 0:00 | Create | Villager (Male) ×4 |
| 0:01 | Build | House |
| 0:02 | Build | House |
| 1:25 | Create | Villager (Male) |
| 1:56 | Build | Lumber Camp |
| 2:00 | Create | Villager (Male) |
| 2:20 | Create | Villager (Male) |
| 2:52 | Create | Villager (Male) |
| 3:19 | Build | House |
| 3:27 | Create | Villager (Male) |
| 3:30 | Create | Villager (Male) |
| 4:09 | Create | Villager (Male) |
| 4:26 | Create | Villager (Male) |
| 4:35 | Create | Villager (Male) |
| 4:35 | Create | Villager (Male) |
| 4:46 | Build | Mill |
| 4:51 | Build | Mill |
| 4:53 | Create | Villager (Male) |
| 5:06 | Create | Villager (Male) |
| 5:18 | Build | House |
| 5:26 | Create | Villager (Male) |
| 6:13 | Research | Loom |
| 6:44 | Research | Feudal Age |
| 7:49 | Build | Barracks |
| 8:55 | Create | Villager (Male) |
| 8:57 | Age | Feudal Age |
| 9:08 | Build | Stable |
| 9:21 | Create | Villager (Male) |
| 9:24 | Research | Double-Bit Axe |
| 9:24 | Research | Double-Bit Axe |
| 9:42 | Create | Scout Cavalry |
| 9:44 | Create | Scout Cavalry |
| 9:46 | Create | Villager (Male) |
| 9:55 | Create | Scout Cavalry |
| 9:59 | Create | Villager (Male) |
| 10:24 | Build | Watch Tower |
| 10:30 | Build | Farm |
| 10:37 | Create | Villager (Male) |
| 10:40 | Build | House |
| 10:46 | Research | Wheelbarrow |
| 11:17 | Build | Watch Tower |
| 11:24 | Create | Villager (Male) |
| 11:38 | Create | Scout Cavalry |
| 11:44 | Build | Palisade Wall |
| 11:45 | Build | Palisade Wall |
| 11:53 | Build | Stone Wall |
| 11:54 | Build | Stone Wall |
| 11:57 | Create | Villager (Male) |
| 12:11 | Build | Archery Range |
| 12:39 | Create | Villager (Male) |
| 13:06 | Build | Palisade Wall |
| 13:08 | Build | Palisade Wall |
| 13:28 | Create | Villager (Male) |
| 13:30 | Build | Archery Range |
| 13:31 | Build | Archery Range |
| 13:34 | Build | Farm |
| 13:35 | Build | Farm |
| 13:35 | Build | Farm |
| 13:48 | Create | Villager (Male) |
| 13:57 | Build | Farm |
| 13:59 | Build | Farm |
| 14:03 | Build | Farm |
| 14:09 | Build | Farm |
| 14:16 | Build | Farm |
| 14:17 | Create | Villager (Male) |
| 14:32 | Create | Skirmisher ×2 |
| 14:32 | Create | Skirmisher ×2 |
| 14:36 | Create | Villager (Male) |
| 14:38 | Create | Skirmisher |
| 14:46 | Build | House |
| 14:54 | Create | Skirmisher |
| 15:07 | Create | Villager (Male) |
| 15:21 | Create | Skirmisher |
| 15:21 | Create | Skirmisher |
| 15:21 | Create | Skirmisher |
| 15:22 | Create | Skirmisher |
| 15:33 | Create | Villager (Male) |
| 15:35 | Build | Farm |
| 15:36 | Create | Skirmisher |
| 15:36 | Create | Skirmisher |
| 15:45 | Build | House |
| 16:02 | Create | Villager (Male) |
| 16:10 | Build | House |
| 16:12 | Create | Skirmisher |
| 16:12 | Create | Skirmisher |
| 16:14 | Create | Scout Cavalry |
| 16:14 | Create | Scout Cavalry |
| 16:24 | Create | Scout Cavalry |
| 16:33 | Build | Watch Tower |
| 16:41 | Build | Farm |
| 16:42 | Create | Villager (Male) |
| 16:43 | Create | Skirmisher |
| 16:43 | Create | Skirmisher |
| 16:49 | Create | Villager (Male) |
| 17:07 | Create | Villager (Male) |
| 17:27 | Build | Blacksmith |
| 17:46 | Create | Villager (Male) |
| 17:46 | Create | Scout Cavalry |
| 18:31 | Research | Fletching |
| 18:33 | Build | House |
| 18:38 | Create | Villager (Male) |
| 18:59 | Create | Villager (Male) |
| 19:00 | Create | Scout Cavalry |
| 19:08 | Create | Villager (Male) |
| 19:16 | Create | Villager (Male) |
| 19:22 | Build | Lumber Camp |
| 19:23 | Create | Skirmisher |
| 19:23 | Create | Skirmisher |
| 19:23 | Create | Skirmisher |
| 19:26 | Build | Farm |
| 19:26 | Build | Farm |
| 19:26 | Build | Farm |
| 19:26 | Build | Farm |
| 19:26 | Build | Farm |
| 19:27 | Build | Farm |
| 19:33 | Build | House |
| 19:34 | Build | House |
| 19:41 | Research | Forging |
| 20:06 | Create | Villager (Male) |
| 20:13 | Create | Villager (Male) |
| 20:21 | Create | Villager (Male) |
| 20:25 | Create | Villager (Male) |
| 20:33 | Build | Farm |
| 20:35 | Build | Farm |
| 20:38 | Build | Mining Camp |
| 20:39 | Create | Skirmisher |
| 20:39 | Create | Skirmisher |
| 21:04 | Create | Villager (Male) |
| 21:13 | Create | Villager (Male) |
| 21:17 | Create | Scout Cavalry |
| 21:24 | Build | Market |
| 21:25 | Create | Skirmisher |
| 21:58 | Create | Villager (Male) |
| 22:21 | Create | Villager (Male) |
| 22:27 | Create | Villager (Male) |
| 23:20 | Build | Barracks |
| 23:58 | Research | Castle Age |
| 24:00 | Build | Palisade Wall |
| 24:04 | Build | Palisade Wall |
| 24:08 | Build | Palisade Wall |
| 24:14 | Create | Militia |
| 24:14 | Create | Militia |
| 24:27 | Build | Palisade Wall |
| 24:30 | Build | Farm |
| 24:33 | Build | Palisade Wall |
| 24:34 | Build | Palisade Wall |
| 24:40 | Build | Palisade Wall |
| 24:43 | Build | Palisade Wall |
| 24:45 | Research | Man-at-Arms (upgrade) |
| 24:45 | Create | Militia |
Build order — Gil-galad
First 150 of 185 actions detected
| 0:00 | Create | Villager (Male) |
| 0:00 | Create | Villager (Male) |
| 0:01 | Create | Villager (Male) |
| 0:01 | Create | Villager (Male) |
| 0:02 | Build | House |
| 0:04 | Build | House |
| 1:20 | Build | Settlement |
| 1:24 | Create | Villager (Male) |
| 1:50 | Create | Villager (Male) |
| 2:23 | Create | Villager (Male) |
| 2:54 | Create | Villager (Male) |
| 3:16 | Create | Villager (Male) |
| 3:46 | Create | Villager (Male) |
| 3:54 | Build | Barracks |
| 4:10 | Create | Villager (Male) |
| 4:27 | Build | House |
| 4:33 | Create | Villager (Male) |
| 4:33 | Create | Villager (Male) |
| 4:52 | Create | Unit 2550 |
| 4:57 | Create | Villager (Male) |
| 5:22 | Create | Villager (Male) |
| 5:46 | Create | Unit 2550 |
| 5:52 | Create | Villager (Male) |
| 6:05 | Build | Settlement |
| 6:34 | Create | Villager (Male) |
| 6:55 | Build | Farm |
| 6:57 | Build | Farm |
| 6:58 | Create | Villager (Male) |
| 7:11 | Build | Palisade Wall |
| 7:27 | Build | Outpost |
| 7:44 | Create | Villager (Male) |
| 7:51 | Build | Palisade Wall |
| 8:02 | Research | Loom |
| 8:18 | Research | Feudal Age |
| 8:33 | Create | Unit 2550 |
| 8:40 | Build | Palisade Wall |
| 8:41 | Build | Palisade Gate |
| 9:09 | Build | Palisade Wall |
| 9:10 | Build | Palisade Wall |
| 9:17 | Build | Palisade Wall |
| 9:28 | Create | Unit 2550 |
| 9:32 | Build | Palisade Wall |
| 9:35 | Build | Palisade Wall |
| 9:42 | Build | Palisade Wall |
| 9:44 | Build | Palisade Wall |
| 9:50 | Create | Unit 2550 |
| 10:08 | Build | Settlement |
| 10:17 | Create | Villager (Male) |
| 10:26 | Create | Unit 2550 |
| 10:29 | Create | Villager (Male) |
| 10:44 | Age | Feudal Age |
| 10:48 | Create | Spearman |
| 10:54 | Research | Double-Bit Axe |
| 10:54 | Create | Villager (Male) |
| 11:00 | Create | Spearman |
| 11:44 | Research | Tech 1402 |
| 12:02 | Create | Villager (Male) |
| 12:17 | Create | Villager (Male) |
| 12:25 | Research | Horse Collar |
| 12:26 | Create | Villager (Male) |
| 12:27 | Build | Farm |
| 12:29 | Build | Farm |
| 12:31 | Build | Farm |
| 12:58 | Create | Villager (Male) |
| 13:25 | Create | Villager (Male) |
| 13:35 | Create | Unit 2550 |
| 13:41 | Build | Farm |
| 13:46 | Build | Settlement |
| 13:48 | Build | Farm |
| 13:55 | Build | Farm |
| 13:55 | Create | Villager (Male) |
| 13:58 | Build | Farm |
| 13:59 | Build | Farm |
| 14:06 | Build | Farm |
| 14:14 | Build | Farm |
| 14:16 | Create | Villager (Male) |
| 14:25 | Create | Unit 2550 |
| 14:29 | Build | Farm |
| 14:37 | Build | House |
| 14:40 | Build | Farm |
| 14:41 | Create | Villager (Male) |
| 15:11 | Build | Outpost |
| 15:13 | Create | Villager (Male) |
| 15:16 | Create | Villager (Male) |
| 15:17 | Create | Unit 2550 |
| 15:25 | Build | Outpost |
| 15:34 | Build | Outpost |
| 15:36 | Create | Villager (Male) |
| 15:57 | Build | Outpost |
| 16:06 | Build | Outpost |
| 16:14 | Build | Outpost |
| 16:16 | Create | Villager (Male) |
| 16:17 | Build | Farm |
| 16:17 | Build | Farm |
| 16:22 | Build | Settlement |
| 16:40 | Create | Villager (Male) |
| 16:43 | Build | Farm |
| 17:06 | Create | Unit 2550 |
| 17:07 | Create | Unit 2550 |
| 17:20 | Create | Villager (Male) |
| 17:39 | Build | Watch Tower |
| 17:45 | Create | Unit 2550 |
| 17:58 | Create | Villager (Male) |
| 18:00 | Create | Unit 2550 |
| 18:02 | Build | Barracks |
| 18:08 | Create | Villager (Male) |
| 18:35 | Build | Farm |
| 18:36 | Create | Villager (Male) |
| 18:37 | Create | Unit 2550 |
| 18:42 | Build | Blacksmith |
| 19:05 | Build | Market |
| 19:07 | Build | House |
| 19:08 | Build | House |
| 19:29 | Build | Farm |
| 19:30 | Build | Farm |
| 19:35 | Build | Farm |
| 20:00 | Research | Castle Age |
| 20:00 | Research | Castle Age |
| 20:05 | Create | Unit 2550 |
| 20:17 | Build | Settlement |
| 20:22 | Create | Unit 2550 |
| 20:39 | Research | Scale Mail Armor |
| 21:07 | Create | Unit 2550 |
| 21:12 | Create | Unit 2550 |
| 21:16 | Build | Barracks |
| 21:20 | Create | Villager (Male) |
| 21:29 | Create | Unit 2550 |
| 21:42 | Create | Unit 2550 |
| 21:49 | Create | Unit 2550 |
| 22:16 | Create | Unit 2550 |
| 22:40 | Age | Castle Age |
| 22:43 | Research | Tech 1351 |
| 22:45 | Research | Squires |
| 22:55 | Create | Unit 2550 |
| 23:00 | Create | Villager (Male) |
| 23:02 | Build | Farm |
| 23:02 | Build | Farm |
| 23:02 | Build | Farm |
| 23:02 | Build | Farm |
| 23:03 | Build | Farm |
| 23:16 | Create | Unit 2550 |
| 23:23 | Create | Unit 2550 |
| 23:36 | Create | Villager (Male) |
| 23:48 | Create | Unit 2550 |
| 24:04 | Create | Villager (Male) |
| 24:07 | Build | Monastery |
| 24:08 | Build | Monastery |
| 24:28 | Create | Unit 2550 |
| 24:29 | Create | Unit 2550 |
| 24:30 | Create | Unit 2550 |
Match timeline
| 3:54 | Gil-galad · first_building Barracks |
| 7:11 | Gil-galad · wall_segment Palisade Wall x13 |
| 7:49 | RD | El_Zapatero22 · first_building Barracks |
| 7:51 | Gil-galad · wall_segment Palisade Wall x9 |
| 8:40 | Gil-galad · wall_segment Palisade Wall x6 |
| 8:57 | RD | El_Zapatero22 · age_up feudal |
| 9:08 | RD | El_Zapatero22 · first_building Stable |
| 9:09 | Gil-galad · wall_segment Palisade Wall x7 |
| 9:10 | Gil-galad · wall_segment Palisade Wall x8 |
| 9:17 | Gil-galad · wall_segment Palisade Wall x1 |
| 9:32 | Gil-galad · wall_segment Palisade Wall x2 |
| 9:35 | Gil-galad · wall_segment Palisade Wall x3 |
| 9:42 | Gil-galad · wall_segment Palisade Wall x2 |
| 9:44 | Gil-galad · wall_segment Palisade Wall x2 |
| 10:44 | Gil-galad · age_up feudal |
| 11:44 | RD | El_Zapatero22 · wall_segment Palisade Wall x1 |
| 11:45 | RD | El_Zapatero22 · wall_segment Palisade Wall x1 |
| 11:53 | RD | El_Zapatero22 · wall_segment Stone Wall x1 |
| 11:54 | RD | El_Zapatero22 · wall_segment Stone Wall x1 |
| 12:11 | RD | El_Zapatero22 · first_building Archery Range |
| 13:06 | RD | El_Zapatero22 · wall_segment Palisade Wall x1 |
| 13:08 | RD | El_Zapatero22 · wall_segment Palisade Wall x1 |
| 22:40 | Gil-galad · age_up castle |
| 23:24 | RD | El_Zapatero22 · first_market_buy 100 food |
| 23:53 | RD | El_Zapatero22 · first_market_sell 100 food |
| 24:00 | RD | El_Zapatero22 · wall_segment Palisade Wall x3 |
| 24:04 | RD | El_Zapatero22 · wall_segment Palisade Wall x1 |
| 24:07 | Gil-galad · first_building Monastery |
| 24:08 | RD | El_Zapatero22 · wall_segment Palisade Wall x3 |
| 24:27 | RD | El_Zapatero22 · wall_segment Palisade Wall x2 |
| 24:33 | RD | El_Zapatero22 · wall_segment Palisade Wall x3 |
| 24:34 | RD | El_Zapatero22 · wall_segment Palisade Wall x3 |
| 24:40 | RD | El_Zapatero22 · wall_segment Palisade Wall x3 |
| 24:43 | RD | El_Zapatero22 · wall_segment Palisade Wall x4 |
| 24:57 | RD | El_Zapatero22 · wall_segment Palisade Wall x1 |
| 25:28 | Gil-galad · first_market_sell 500 wood |
| 25:30 | Gil-galad · first_market_buy 100 food |
| 26:19 | RD | El_Zapatero22 · wall_segment Palisade Wall x1 |
| 26:20 | RD | El_Zapatero22 · wall_segment Palisade Wall x1 |
| 26:38 | RD | El_Zapatero22 · age_up castle |
| 28:07 | RD | El_Zapatero22 · wall_segment Palisade Wall x1 |
| 28:15 | RD | El_Zapatero22 · resign |
[ AI ANALYSIS · 1 CREDIT ]
What really happened in this match?
Wolo.gg analyzes every decision: build order, eco, micro, common mistakes by bracket. Personalized analysis on WhatsApp or Discord in 30 seconds.
Civ guide
Byzantines
Perfil
Jugador #17795993